 Dungeon Crawl Stone Soup version 0.28.0-43-g3370ac3207 (webtiles) character file.

Game seed: 9143691322115530344

115 silky the Chopper (level 4, -10/41 HPs)
             Began as a Minotaur Chaos Knight on Mar 29, 2022.
             Was a Plaything of Xom.
             Mangled by a gnoll
             ... wielding a +0 halberd
              (12 damage)
             ... on level 2 of the Dungeon.
             The game lasted 00:05:52 (2000 turns).

silky the Chopper (Minotaur Chaos Knight)           Turns: 2000, Time: 00:05:54

Health: -10/41     AC:  5    Str: 18    XL:     4   Next: 68%
Magic:  3/3        EV: 10    Int:  9    God:    Xom [*.....]
Gold:   15         SH:  0    Dex: 10    Spells: 3/3 levels left

rFire   . . .      SeeInvis .   a - +0 hand axe (chaos)
rCold   . . .      Faith    .   (no shield)
rNeg    . . .      Spirit   .   m - +0 ring mail
rPois   .          Reflect  .   (helmet restricted)
rElec   .          Harm     .   (no cloak)
rCorr   .          Rampage  .   (no gloves)
Will    .....                   (no boots)
Stlth   ..........              (no amulet)
HPRegen 0.13/turn               (no ring)
MPRegen 0.08/turn               (no ring)

@: no status effects
A: horns 2, retaliatory headbutt
a: Renounce Religion


You were on level 2 of the Dungeon.
You worshipped Xom.
You were a special plaything of Xom.
You visited 1 branch of the dungeon, and saw 2 of its levels.

You collected 15 gold pieces.

Inventory:

Hand Weapons
 a - a +0 hand axe of chaos (weapon)
Armour
 h - a +1 helmet
 m - a +0 ring mail (worn)
Jewellery
 j - a ring of ice
Scrolls
 c - a scroll of identify {unknown}
 d - a scroll of magic mapping {unknown}
Potions
 e - 2 potions of ambrosia {unknown}
 f - a potion of curing {unknown}
 i - a potion of lignification {unknown}
 k - 2 potions of brilliance {unknown}
 l - 3 potions of might {unknown}


   Skills:
 + Level 4.6 Fighting
 + Level 5.4 Axes
 + Level 3.1 Armour
 + Level 1.3 Dodging


You had 3 spell levels left.
You didn't know any spells.
Your spell library contained the following spells:

 Spells                   Type           Power      Damage    Failure   Level
 Freeze                   Ice            0%         1d3       56%         1
 Frozen Ramparts          Ice            0%         1d2       91%         3
 Hailstorm                Conj/Ice       0%         3d3       100%        4


Dungeon Overview and Level Annotations

Branches:
Dungeon (2/15)

Altars:

Shops:
D:1 *   D:2 (=


Innate Abilities, Weirdness & Mutations

You have a pair of horns on your head.
You reflexively headbutt those who attack you in melee.


Message History

You slash the gnoll!
The gnoll is heavily wounded.
The gnoll hits you with a +0 flail.
You hit the gnoll but do no damage.
The gnoll is heavily wounded.
The gnoll closely misses you. The gnoll barely misses you.
You hit the gnoll. You burn the gnoll.
You kill the gnoll!
The gnoll hits you from afar with a +0 halberd.
You hit the gnoll.
The gnoll suddenly seems more agile.
Xom thinks this is hilarious!
The gnoll is heavily wounded.
The gnoll hits you from afar with a +0 halberd!
The gnoll hits you but does no damage.
You miss the gnoll.
The gnoll is heavily wounded.
The gnoll completely misses you. The gnoll hits you with a +0 club.
* * * LOW HITPOINT WARNING * * *
You hit the gnoll. You freeze the gnoll. Your headbutt misses the gnoll.
The gnoll is heavily wounded.
The gnoll hits you with a +0 club.
* * * LOW HITPOINT WARNING * * *
The gnoll hits you from afar with a +0 halberd.
* * * LOW HITPOINT WARNING * * *
You barely miss the gnoll.
The gnoll is heavily wounded.
The gnoll hits you with a +0 club.
* * * LOW HITPOINT WARNING * * *
The gnoll barely misses you.
As you read the scroll labelled CUEGING DAKIO, it crumbles to dust.
You hear a loud clanging noise!
It was a scroll of noise.
The gnoll barely misses you. You furiously retaliate!
You headbutt the gnoll. The gnoll barely misses you.
You hit the gnoll. You freeze the gnoll.
The gnoll is almost dead.
The gnoll hits you with a +0 club.
* * * LOW HITPOINT WARNING * * *
The gnoll hits you from afar with a +0 halberd!
You die...
Xom bursts into laughter!

#.# #####. #.# ###.'... #.#
###...##.# # #g#
###...#..#.. .##.###.#
#####...####.##. #......g#
#.....###..#..#. #. #..#
#.##.##..b.##.##
#.##..####.##..#.....#..#
##....ggg@...##.##b...##.#
........#####..#..#..#'#...
.##..#.## #..##.####...##
#..#.######..##..#...###. #
#..#.........###...###...
#.##....)...##..###.###...#.
#.....#####.......#'#...####
#.###.##∩.#
#.##....#..†###..'
#...§§.§..#
#.##.##.##.##....#


You could see 3 gnolls.

Vanquished Creatures
  Robin (D:2)
  2 gnolls
  2 adders (D:2)
  3 worms (D:2)
  3 dart slugs (D:1)
  4 endoplasms
  2 giant cockroaches (D:1)
  7 goblins
  3 hobgoblins (D:2)
  7 jackals (D:1)
  3 quokkas (D:1)
  2 ball pythons (D:1)
  2 bats (D:2)
  2 frilled lizards
  6 kobolds
  3 rats
52 creatures vanquished.

Notes
Turn   | Place    | Note
-------+----------+-------------------------------------------
     0 | D:1      | silky the Minotaur Chaos Knight began the quest for the
                  | Orb.
     0 | D:1      | Reached XP level 1. HP: 19/19 MP: 0/0
    26 | D:1      | XOM: silly message
    33 | D:1      | XOM: potion effect (brilliance)
    41 | D:1      | Reached skill level 4 in Axes
    41 | D:1      | Reached XP level 2. HP: 7/27 MP: 1/1
    48 | D:1      | XOM: silly message
   328 | D:1      | Found Hoots's General Store.
   372 | D:1      | XOM: divination: detect items
   421 | D:1      | XOM: divination: magic mapping
   672 | D:1      | Reached XP level 3. HP: 33/33 MP: 2/2
   951 | D:1      | XOM: noise
  1093 | D:2      | XOM: silly message
  1137 | D:2      | Noticed Robin
  1153 | D:2      | Reached skill level 5 in Axes
  1158 | D:2      | Killed Robin
  1159 | D:2      | Reached XP level 4. HP: 21/41 MP: 3/3
  1602 | D:2      | XOM: divination: detect creatures
  1675 | D:2      | XOM: divination: detect creatures
  1708 | D:2      | XOM: butterfly on damage
  1833 | D:2      | Found Hukleele's Jewellery Shop.
  1891 | D:2      | Found a faded altar of an unknown god.
  1891 | D:2      | Found Yzaviosk's Antique Weapon Emporium.
  2000 | D:2      | HP: 2/41 [gnoll/+0 club (2)]
  2000 | D:2      | Mangled by a gnoll

Illustrated notes

Levels and vault maps discovered:
D:1:      evilmike_arrival_fibonacci_small, layout_loops_cross, serial_shops,
          nicolae_shop_stone
D:2:      minmay_skewed_foursquare, layout_loops_ring,
          ebering_ecumenical_altar_mist, serial_shops, nicolae_diamond_shop,
          shop, nicolae_shop_statue_plus, uniq_robin

Skill      XL: |  1  2  3  4 |
---------------+-------------+-----
Axes           | 4 5 |  5.4
Fighting       | 4 |  4.6
Armour         | 3 |  3.1
Dodging        | |  1.3

Action                   |  1- 3 |  4- 6 || total
-------------------------+-------+-------++-------
Melee: Hand axe          |    82 |    36 ||   118
       Headbutt          |    11 |     4 ||    15
       Punch             |       |     1 ||     1
  Use: Scroll            |       |     1 ||     1
Armor: Leather armour    |    20 |     6 ||    26
       Ring mail         |       |     5 ||     5
Dodge: Dodged            |    40 |    14 ||    54
